 Dungeon Crawl Stone Soup version 0.31-a0-620-gd1cbd99268 (webtiles) character file.

Game seed: 14640572154547603042

538 Fodor the Shield-Bearer (level 7, 0/60 HPs)
             Began as a Minotaur Fighter on Aug 23, 2023.
             Slain by a quasit (2 damage)
             ... on level 5 of the Dungeon.
             The game lasted 00:17:45 (4155 turns).

Fodor the Shield-Bearer (Minotaur Fighter)          Turns: 4155, Time: 00:17:46

Health: 0/60       AC:  8    Str: 23      XL:     7   Next: 5%
Magic:  6/6        EV:  7    Int:  5      God:
Gold:   231        SH: 12    Dex:  8 (9)  Spells: 6/6 levels left

rFire   . . .        j - +3 whip (venom)
rCold   . . .        k - +0 tower shield
rNeg    . . .        b - +0 scale mail
rPois   +            (helmet restricted)
rElec   .            (no cloak)
rCorr   .            (no gloves)
SInv    .            r - +0 pair of boots
Will    .....        (no amulet) Stlth
                     n - ring of poison resistance
HPRegen 0.30/turn    (no ring)
MPRegen 0.10/turn

%: no passive effects
@: about to teleport
A: horns 2, retaliatory headbutt
a: no special abilities


You were on level 5 of the Dungeon.
You visited 1 branch of the dungeon, and saw 5 of its levels.

You collected 231 gold pieces.

Inventory:

Hand Weapons
 a - a +0 long sword
 j - a +3 whip of venom (weapon)
 m - a +0 shortbow
 x - a +0 war axe
Missiles
 t - 5 boomerangs
Armour
 b - a +0 scale mail (worn)
 k - a +0 tower shield (worn)
 r - a +0 pair of boots (worn)
Jewellery
 n - a ring of poison resistance (left hand)
Wands
 v - a wand of digging (7)
Scrolls
 e - 2 scrolls of identify
 f - a scroll of torment {unknown}
 g - a scroll of vulnerability {unknown}
 i - a scroll of blinking {unknown}
 q - 2 scrolls of teleportation
 s - a scroll of enchant weapon {unknown}
 u - 2 scrolls of revelation {unknown}
Potions
 c - a potion of lignification {unknown}
 d - 3 potions of might
 h - 2 potions of heal wounds {unknown}
 l - a potion of ambrosia {unknown}
 o - a potion of brilliance {unknown}
 p - a potion of degeneration {unknown}
 w - a potion of enlightenment {unknown}


   Skills:
 + Level 4.9 Fighting
 + Level 3.1 Long Blades
 + Level 3.5 Maces & Flails
 + Level 5.7 Armour
 + Level 1.7 Dodging
 + Level 0.6 Stealth
 + Level 6.0 Shields


You had 6 spell levels left.
You didn't know any spells.
Your spell library contained the following spells:

 Spells                   Type           Power      Damage    Failure   Level
 Cigotuvi's Dreadful Rot  Necr/Pois/Air  0%         N/A       100%        2
 Portal Projectile        Hex/Tloc       0%         N/A       100%        3
 Tukima's Dance           Hex            0%         N/A       100%        3
 Dispel Undead            Necr           0%         3d6       100%        4
 Iskenderun's Mystic Bla  Conj/Tloc      0%         2d3       100%        4
 Death Channel            Necr           0%         N/A       100%        6


Dungeon Overview and Level Annotations

Branches:
Dungeon (5/15)
 Temple: D:4-7

Altars:

Shops:
D:2 =


Innate Abilities, Weirdness & Mutations

You have a pair of horns on your head.
You reflexively headbutt those who attack you in melee.


Message History

The shadow imp hits you but does no damage.
The white imp gestures at you. The puff of frost hits you!
* * * LOW HITPOINT WARNING * * *
The shadow imp grins evilly.
The shadow imp hits you but does no damage. x2
The shadow imp barely misses you.
As you read the scroll labelled KAUSHOSU WIDOR, it crumbles to dust.
It is a scroll of identify.
q - 3 scrolls of teleportation You block the quasit's attack. x2
The quasit claws you but does no damage.
The shadow imp hits you but does no damage. x2
The white imp hits you.
* * * LOW HITPOINT WARNING * * *
The white imp freezes you.
* * * LOW HITPOINT WARNING * * *
The shadow imp misses you.
The quasit bites you but does no damage.
The quasit claws you.
* * * LOW HITPOINT WARNING * * *
You block the quasit's attack. The shadow imp hits you.
* * * LOW HITPOINT WARNING * * *
As you read the scroll of teleportation, it crumbles to dust.
You feel strangely unstable. You block the quasit's attack. x2
The quasit closely misses you.
The shadow imp shouts, "Succumb, thou puny sheep-biting mooer!"
The shadow imp hits you but does no damage. x2
The shadow imp gestures at you. Pain shoots through your body!
* * * LOW HITPOINT WARNING * * *
The white imp hits you but does no damage.
The shadow imp closely misses you.
The shadow imp attacks as it pursues you!
You block the shadow imp's attack. The shadow imp closely misses you.
The quasit bites you.
* * * LOW HITPOINT WARNING * * *
You feel clumsy. The quasit claws you.
You die...

#.### #....#
#....# ######...#
. #........## ..
##.........#...
##.$..5.........
##.....555.......
#.....55.@.......
#...#...####....~
###...... ..~
#.....(. .
....∩....#
..........#
#.#.......#
...........


You could see a quasit, a white imp and 4 shadow imps.

Vanquished Creatures
  An ice beast (D:3)
  A centaur (D:3)
  A hound (D:4)
  3 orc priests
  Jessica (D:2)
  An iguana (D:4)
  An orc wizard (D:3)
  Robin (D:2)
  4 adders
  2 worms (D:2)
  3 dart slugs (D:3)
  13 orcs
  10 ball pythons
  4 bats
  4 endoplasms
  4 giant cockroaches
  12 goblins
  9 hobgoblins
  10 kobolds
  2 quokkas
  4 frilled lizards
  14 rats
105 creatures vanquished.

Notes
Turn   | Place    | Note
-------+----------+-------------------------------------------
     0 | D:1      | Fodor the Minotaur Fighter began the quest for the Orb.
     0 | D:1      | Reached XP level 1. HP: 19/19 MP: 0/0
   196 | D:1      | Reached XP level 2. HP: 27/27 MP: 1/1
   658 | D:1      | Reached skill level 4 in Shields
  1032 | D:2      | Reached XP level 3. HP: 33/33 MP: 2/2
  1206 | D:2      | Noticed Jessica
  1215 | D:2      | Killed Jessica
  1216 | D:2      | Reached skill level 1 in Maces & Flails
  1314 | D:2      | Found Enimp's Jewellery Shoppe.
  1329 | D:2      | Reached XP level 4. HP: 41/41 MP: 3/3
  1444 | D:2      | Noticed Robin
  1469 | D:2      | Killed Robin
  2095 | D:3      | Reached XP level 5. HP: 25/46 MP: 4/4
  2279 | D:3      | Noticed a centaur
  2279 | D:3      | Noticed an ice beast
  2291 | D:3      | Killed an ice beast
  2292 | D:3      | Reached skill level 5 in Armour
  2292 | D:3      | Reached skill level 1 in Dodging
  2292 | D:3      | Reached skill level 5 in Shields
  2296 | D:3      | Killed a centaur
  2297 | D:3      | Reached XP level 6. HP: 19/55 MP: 5/5
  3894 | D:4      | Reached XP level 7. HP: 47/60 MP: 6/6
  3897 | D:4      | Reached skill level 6 in Shields
  4143 | D:5      | Entered Level 5 of the Dungeon
  4153 | D:5      | HP: 2/60 [shadow imp/nerve-wracking pain (11)]
  4155 | D:5      | Slain by a quasit

Illustrated notes

Levels and vault maps discovered:
D:1:      lightli_arrival_maybe_door_vault, layout_loops_corners
D:2:      layout_basic, serial_shops, shop, serial_curves, eino_curves_01,
          eino_curves_01, minivault_26, uniq_jessica, uniq_robin
D:3:      layout_basic
D:4:      layout_loops_corners
D:5:      layout_cave_pools, fedhas_altar_2, mainiacjoe_overflow_paths,
          gammafunk_temple_overflow_claw, serial_demonic, serial_demonic_b,
          serial_demonic_f, serial_demonic_d, serial_demonic_c,
          serial_demonic_d, serial_demonic_a, minivault_4,
          kennysheep_generic_room_10

Skill      XL: |  1  2  3  4  5  6  7 |
---------------+----------------------+-----
Shields        | 4 5 6 |  6.0
Fighting       | 4 |  4.9
Long Blades    | 3 |  3.1
Maces & Flails | 1 2 3 |  3.5
Armour         | 4 5 |  5.7
Dodging        | 1 |  1.7
Stealth        | |  0.6

Action                     |  1- 3 |  4- 6 |  7- 9 || total
---------------------------+-------+-------+-------++-------
  Melee: Long sword        |    18 |       |       ||    18
         Headbutt          |    12 |    24 |     4 ||    40
         Whip              |    48 |   139 |    23 ||   210
    Use: Scroll            |       |       |     2 ||     2
 Armour: Scale mail        |    28 |    57 |    26 ||   111
  Dodge: Dodged            |    21 |    53 |    19 ||    93
  Block: Buckler           |    12 |       |       ||    12
         Tower shield      |    17 |    90 |    27 ||   134

Table legend: (Time is in decaauts)
 A = Elapsed time spent in this place.
 B = Non-inter-level travel time spent in this place.
 C = Inter-level travel time spent in this place.
 D = Time resting spent in this place.
 E = Time spent auto-exploring this place.
 F = Levels seen in this place.
 G = Mean time per level.
                   A        B        C        D        E       F      G
               +--------+--------+--------+--------+--------+-----+--------+
         Total |   4208 |   4154 |     54 |    373 |      0 |   5 |  841.6 |
       Dungeon |   4208 |   4154 |     54 |    373 |      0 |   5 |  841.6 |
               +--------+--------+--------+--------+--------+-----+--------+

Top non-repeatable levels by time:
     D:3: 1172 daAuts
     D:2: 1136 daAuts
     D:4: 954 daAuts
     D:1: 933 daAuts
     D:5: 12 daAuts
